 Dungeon Crawl Stone Soup version 0.23-a0-29-g1be82e5 (webtiles) character file.

50 Amnesiac the Magician (level 3, -4/24 HPs)
             Began as a Mummy Wizard on Aug 3, 2018.
             Slain by a phantom (7 damage)
             ... on level 4 of the Dungeon.
             The game lasted 00:03:36 (866 turns).

Amnesiac the Magician (Mummy Wizard)                 Turns: 866, Time: 00:03:37

Health: -4/24      AC:  2    Str: 10    XL:     3   Next: 55%
Magic:  1/8        EV: 12    Int: 18    God:
Gold:   40         SH:  0    Dex: 10    Spells: 2/10 levels left

rFire    x . .     SeeInvis .   a - +0 mace
rCold    + . .     Gourm    .   (no shield)
rNeg     + + +     Faith    .   g - +0 robe
rPois    ∞         Spirit   .   (no helmet)
rElec    .         Reflect  .   (no cloak)
rCorr    .         Harm     .   (no gloves)
MR       .....                  (no boots)
Stlth    ++........             (no amulet)
HPRegen  0.08/turn              (no ring)
MPRegen  0.11/turn              (no ring)

@: very slightly contaminated
A: no food or potions, fire vulnerability, cold resistance 1, negative energy
resistance 3, torment resistance, unbreathing
a: no special abilities


You were on level 4 of the Dungeon.
You were not hungry.

You visited 1 branch of the dungeon, and saw 5 of its levels.

You collected 40 gold pieces.

Inventory:

Hand Weapons
 a - a +0 mace (weapon)
Armour
 e - a +0 buckler
 g - a +0 robe (worn)
Scrolls
 c - a scroll of remove curse {!r}
 d - 3 scrolls of blinking {!r}


   Skills:
 - Level 1.5 Dodging
 - Level 1.5 Stealth
 + Level 0.9 Shields
 - Level 4.0 Spellcasting
 * Level 2.6 Conjurations
 - Level 0.7 Summonings
 - Level 0.7 Translocations


You had 2 spell levels left.
You knew the following spells:

 Your Spells              Type           Power        Failure   Level  Hunger
a - Magic Dart            Conj           ##..         4%          1    N/A
b - Call Imp              Summ           #.......     17%         2    N/A
e - Mephitic Cloud        Conj/Pois/Air  #.......     30%         3    N/A
v - Blink                 Tloc           N/A          17%         2    N/A

Your spell library contained the following spells:

 Spells                   Type           Power        Failure   Level  Hunger
 Conjure Flame            Conj/Fire      #.......     26%         3    N/A
 Slow                     Hex            #.......     22%         2    N/A

Dungeon Overview and Level Annotations

Branches:
Dungeon (5/15)
 Temple: D:4-7

Altars:


Innate Abilities, Weirdness & Mutations

You do not eat or drink.
Your flesh is vulnerable to fire.
You are immune to poison.
Your flesh is cold resistant. (rC+)
You are immune to negative energy. (rN+++)
You are immune to unholy pain and torment.
You can survive without breathing.


Message History

Found 18 arrows and 19 gold pieces.
There is an open door here.
Your crimson imp blinks!
Really read
d - 4 scrolls labeled VIYBEHU PYRCHEPH {!r}?
Blink to where?
Press: ? - help, Dir - move target cursor, p - phantom You are very lightly contaminated with residual magic.
As you read the scroll labeled VIYBEHU PYRCHEPH {!r}, it crumbles to dust.
It was a scroll of blinking {!r}.
You open the door.
Found a stone staircase leading down.
There is an open door here.
There is a stone staircase leading down here.
You start resting.
A phantom opens the door.
Your crimson imp disappears in a puff of smoke!
You climb downwards.
A quokka skeleton comes into view.
Found a ration, 15 gold pieces and 26 stones.
Found a stone staircase leading down.
There is a stone staircase leading up here.
Casting: Magic Dart (safe; 4% risk of failure)
Confirm with . or Enter, or press ? or * to list all spells.
Aiming: Magic Dart (safe; 4% risk of failure)
Press: ? - help, Shift-Dir - straight line, f - quokka skeleton
Aim: a quokka skeleton (resting)
The magic dart hits the quokka skeleton.
The quokka skeleton is moderately damaged.
The quokka skeleton closely misses you.
Casting: Magic Dart (safe; 4% risk of failure)
Confirm with . or Enter, or press ? or * to list all spells.
Aiming: Magic Dart (safe; 4% risk of failure)
Press: ? - help, Shift-Dir - straight line, f/p - quokka skeleton
Aim: a quokka skeleton (moderately damaged)
The magic dart hits the quokka skeleton.
The quokka skeleton is heavily damaged.
The quokka skeleton bites you.
* * * LOW HITPOINT WARNING * * *
Unknown command.
Casting: Magic Dart (safe; 4% risk of failure)
Confirm with . or Enter, or press ? or * to list all spells.
Aiming: Magic Dart (safe; 4% risk of failure)
Press: ? - help, Shift-Dir - straight line, f/p - quokka skeleton
Aim: a quokka skeleton (heavily damaged)
The magic dart hits the quokka skeleton.
You destroy the quokka skeleton!
Unknown command.
You start resting.
An ogre opens the door.
It is wielding a giant club.
An ogre is nearby!
An ogre is nearby!
Really read
c - 2 scrolls labeled KEURAIBORU {!r}?
As you read the scroll labeled KEURAIBORU {!r}, it crumbles to dust.
You feel blessed for a moment.
It was a scroll of remove curse {!r}.
The ogre shouts!
A water moccasin zombie comes into view.
Take off which item? (? for menu, Esc to quit)
Okay, then.
Really read
f - a scroll labeled BEN PAIM YDALO {!r}?
As you read the scroll labeled BEN PAIM YDALO {!r}, it crumbles to dust.
It is a scroll of identify.
e - a +0 buckler You climb upwards.
The phantom hits you!
You die...

####### #.....# ###
#....(########.)
#.....##........
#########....(##.5.....<
.......@'.....'.....W...
.######W#.....##........
#.#.....##........
#.#.....##......##
#.#.....##......##
#.#.$.########....
#.#...########....
#.'...............
###...########....


You could see a phantom.

Vanquished Creatures
  A hound skeleton (D:4)
  2 adders (D:3)
  A worm (D:3)
  A dart slug (D:1)
  A leopard gecko (D:3)
  A bat (D:2)
  2 goblins
  A hobgoblin (D:3)
  A quokka (D:3)
  A frilled lizard (D:1)
  A kobold (D:1)
  A quokka skeleton (D:5)
  4 rats
18 creatures vanquished.

Notes
Turn   | Place    | Note
-------+----------+-------------------------------------------
     0 | D:1      | Amnesiac the Mummy Wizard began the quest for the Orb.
     0 | D:1      | Reached XP level 1. HP: 13/13 MP: 5/5
    44 | D:1      | Reached skill level 1 in Conjurations
   152 | D:1      | You fall through a shaft!
   154 | D:2      | Reached XP level 2. HP: 19/19 MP: 0/7
   239 | D:2      | Learned a level 2 spell: Blink
   242 | D:2      | Learned a level 2 spell: Call Imp
   460 | D:3      | Reached XP level 3. HP: 24/24 MP: 0/8
   465 | D:3      | Learned a level 3 spell: Mephitic Cloud
   613 | D:4      | Noticed a sky beast
   777 | D:4      | Noticed a phantom
   850 | D:5      | Entered Level 5 of the Dungeon
   863 | D:5      | Noticed an ogre
   866 | D:4      | Slain by a phantom

Vault maps used:
D:1:      mainiacjoe_arrival_reflecting_pool, minmay_misc_feat_tiny
D:2:      old_standard_altar, first_ration, uniq_natasha
D:4:      minmay_a_box_with_orc_wizards_in_it, uniq_sigmund
D:5:      gammafunk_wand_slinger, lemuel_crystal_altar, temple_fountains,
          lightli_corner_chamber

Skill      XL: |  1  2 |
---------------+-------+-----
Conjurations   | 1 2 |  2.6
Dodging        | |  1.5
Stealth        | |  1.5
Shields        | |  0.9
Spellcasting   | |  4.0
Summonings     | |  0.7
Translocations | |  0.7

Action                   || total
-------------------------++-------
Melee: Dagger            ||    13
       Unarmed           ||     1
       Mace              ||     5
 Cast: Magic Dart        ||    51
       Call Imp          ||     4
       Mephitic Cloud    ||     1
  Use: Scroll            ||     3
Armor: Robe              ||     5
Dodge: Dodged            ||    27

Table legend:
 A = Spawn XP
 B = Non-spawn XP
 C = Spawn XP percentage of total XP
 D = Spawn monster count
 E = Non-spawn monster count
 F = Spawn count percentage of total count
 G = Total turns spent on level
                    A         B        C        D         E        F      G
               +---------+---------+-------+---------+---------+-------+---------
         Total |       0 |      72 |   0.0 |       0 |      18 |   0.0 |   866
               +---------+---------+-------+---------+---------+-------+---------
           D:1 |       0 |      11 |   0.0 |       0 |       7 |   0.0 |   152
           D:2 |       0 |       4 |   0.0 |       0 |       2 |   0.0 |    91
           D:3 |       0 |      38 |   0.0 |       0 |       7 |   0.0 |   297
           D:4 |       0 |      18 |   0.0 |       0 |       1 |   0.0 |   310
           D:5 |       0 |       1 |   0.0 |       0 |       1 |   0.0 |    16
               +---------+---------+-------+---------+---------+-------+---------
